 Dungeon Crawl Stone Soup version 0.28-a0-691-gad6df49e81 (webtiles) character file.

Game seed: 8466530890160638366

111306 Foxy the Scorcher (level 16, -8/178 HPs)
             Began as an Ogre Hedge Wizard on Oct 22, 2021.
             Was a High Priest of Ru.
             Killed from afar by a balrug (31 damage)
             ... with a bolt of fire
             ... on level 1 of the Depths.
             The game lasted 02:27:48 (45774 turns).

Foxy the Scorcher (Ogre Hedge Wizard)              Turns: 45774, Time: 02:27:49

Health: -8/178     AC:  6    Str: 20    XL:     16   Next: 57%
Magic:  22/30      EV: 10    Int: 26    God:    Ru [*****.]
Gold:   2172       SH:  0    Dex:  6    Spells: 10/35 levels left

rFire   . . .      SeeInvis .   P - +3 spear "Pahiro" {venom, rPois Str+2}
rCold   . . .      Faith    .   (no shield)
rNeg    . . .      Spirit   .   Z - +1 troll leather armour {Snorg}
rPois   +          Reflect  .   c - +0 hat
rElec   .          Harm     .   J - scarf {rC+ rF+}
rCorr   .          Rampage  .   (gloves unavailable)
Will    .....                   (boots unavailable)
Stlth   ..........              m - amulet of Miudd {RegenMP Fly rPois}
HPRegen 1.39/turn               e - ring of wizardry
MPRegen 0.47/turn               W - +6 ring of intelligence

@: flying
A: large, unfitting armour, clumsy 1, tough skin 1, no stealth, weak-willed 1,
temperature sensitive
a: Renounce Religion, Draw Out Power, Power Leap, Apocalypse


You were on level 1 of the Depths.
You worshipped Ru.
Ru was extremely pleased with you.
You visited 4 branches of the dungeon, and saw 24 of its levels.
You also visited: Gauntlet.

You collected 2452 gold pieces.
You spent 280 gold pieces at shops.

Inventory:

Hand Weapons
 P - the +3 spear "Pahiro" (weapon) {venom, rPois Str+2}
   (You found it on level 9 of the Dungeon)

   It poisons the flesh of those it strikes.
   Str:       It affects your strength (+2).
   rPois:     It protects you from poison.
Missiles
 l - 12 large rocks (quivered)
 q - 2 throwing nets
Armour
 a - quicksilver dragon scales
 c - a +0 hat (worn)
 J - a scarf of resistance (worn)
 Z - a +1 troll leather armour (worn) {Snorg}
Magical Staves
 D - a staff of fire
 S - a staff of conjuration
Jewellery
 e - a ring of wizardry (left hand)
 m - the amulet of Miudd (around neck) {RegenMP Fly rPois}
   (You found it in a Gauntlet)

   [amulet of magic regeneration]

   It increases your rate of magic regeneration.
   rPois:     It protects you from poison.
   Fly:       It grants you flight.
 o - a ring of flight
 r - a ring of protection from fire
 x - the ring of Husaduirr {rC+ Stlth+}
   (You found it in a Gauntlet)

   [ring of protection from cold]

   rC:        It protects you from cold.
   Stlth:     It makes you more stealthy.
 z - a ring of wizardry
 W - a +6 ring of intelligence (right hand)
 X - the ring of Nabeul {rF- rN+++ rCorr EV+4 Slay+5}
   (You took it off a centaur warrior on level 15 of the Dungeon)

   [ring of evasion]

   EV:        It affects your evasion (+4).
   Slay:      It affects your accuracy & damage with ranged weapons and melee
   (+5).
   rF:        It makes you vulnerable to fire.
   rN:        It renders you almost immune to negative energy.
   rCorr:     It protects you from acid and corrosion.
Wands
 w - a wand of acid (2)
 F - a wand of paralysis (4)
 I - a wand of iceblast (39)
 M - a wand of polymorph (20)
 Q - a wand of flame (20)
Scrolls
 f - 2 scrolls of fog
 g - 2 scrolls of immolation
 j - a scroll of brand weapon
 k - 7 scrolls of enchant armour
 n - 9 scrolls of enchant weapon
 v - 6 scrolls of fear
 y - 4 scrolls of amnesia
 A - 2 scrolls of magic mapping
 B - 3 scrolls of blinking
 H - a scroll of holy word
 N - 2 scrolls of silence
 O - 10 scrolls of identify
 T - 3 scrolls of teleportation
Potions
 b - 9 potions of brilliance
 d - 6 potions of haste
 i - a potion of magic
 p - 4 potions of flight
 s - 2 potions of heal wounds
 t - 2 potions of attraction
 u - 2 potions of mutation
 C - 6 potions of curing
 G - 3 potions of resistance
 K - a potion of might
 L - a potion of cancellation
 R - a potion of berserk rage {unknown}
 U - 2 potions of ambrosia
 V - 5 potions of invisibility
Miscellaneous
 h - a condenser vane
 E - a lightning rod (4/4)
 Y - a box of beasts


   Skills:
 - Level 15.7 Fighting
 - Level 9.3(12.0) Polearms
 - Level 11.9(13.2) Staves
 - Level 7.6 Dodging
 - Level 10.0 Spellcasting
 - Level 10.7 Conjurations
 - Level 0.8 Summonings
 - Level 0.8 Translocations
 * Level 16.2 Fire Magic
 - Level 2.0 Air Magic
 - Level 2.5 Evocations


You had 10 spell levels left.
You knew the following spells:

 Your Spells              Type           Power      Damage    Failure   Level
a - Magic Dart            Conj           100%       1d8       1%          1
b - Call Imp              Summ           17%        N/A       2%          2
c - Mephitic Cloud        Conj/Pois/Air  35%        N/A       1%          3
d - Fireball              Conj/Fire      35%        3d15      1%          5
e - Starburst             Conj/Fire      35%        6d10      1%          6
f - Ignition              Fire           38%        3d11      19%         8

Your spell library contained the following spells:

 Spells                   Type           Power      Damage    Failure   Level
 Summon Small Mammal      Summ           68%        N/A       1%          1
 Conjure Flame            Conj/Fire      70%        6-21      1%          3
 Animate Skeleton         Necr           26%        N/A       2%          1
 Pain                     Necr           52%        1d6       2%          1
 Blink                    Tloc           N/A        N/A       2%          2
 Slow                     Hex            13%        N/A       3%          2
 Call Canine Familiar     Summ           17%        N/A       4%          3
 Lightning Bolt           Conj/Air       23%        1d38      4%          5
 Portal Projectile        Hex/Tloc       30%        N/A       6%          3
 Summon Guardian Golem    Hex/Summ       15%        N/A       6%          3
 Vampiric Draining        Necr           6%         2d6       6%          3
 Irradiate                Conj/Tmut      20%        3d20      7%          5
 Airstrike                Air            11%        N/A       10%         4
 Summon Lightning Spire   Summ/Air       20%        N/A       12%         4
 Animate Dead             Necr           6%         N/A       21%         4
 Petrify                  Tmut/Erth      13%        N/A       21%         4
 Blade Hands              Tmut           6%         N/A       50%         5
 Borgnjor's Vile Clutch   Necr/Erth      6%         N/A       50%         5
 Excruciating Wounds      Necr           6%         N/A       50%         5
 Metabolic Englaciation   Hex/Ice        6%         N/A       50%         5
 Death Channel            Necr           6%         N/A       96%         6
 Statue Form              Tmut/Erth      8%         N/A       96%         6
 Dragon Form              Tmut           6%         N/A       100%        7


Dungeon Overview and Level Annotations

Branches:
Dungeon (15/15)            Temple (0/1) D:6            Lair (6/6) D:11
  Swamp (0/4) Lair:2       Spider (0/4) Lair:3        Slime (0/5) Lair:6
    Orc (2/2) D:11            Elf (0/3) Orc:2        Vaults (0/5) D:14
 Depths (1/4) D:15        Gauntlet (visited)

Altars:
Gozag
Ru
Trog
Xom
Beogh

Shops:
D:3 ?   D:4 !:   D:7 !   D:8 (   Orc:2 [:(*

Portals:
Ziggurat: Depths:1

Annotations:
D:14 2 transporters, Suaj's ghost, journeyman DrCj


Innate Abilities, Weirdness & Mutations

You are too large for most types of armour.
You are clumsy. (Dex -2)
You have tough skin. (AC +1)
You cannot be stealthy.
You are slightly weak-willed. (Will-)
You are sensitive to extremes of temperature. (rF-, rC-)


Message History

Press: ? - help, Dir - move target, f - balrug
Aim: a balrug, wielding a +2 demon whip of electrocution (moderately wounded, poisoned, about 33% to evade the +3 spear "Pahiro")
You reach to attack!
You closely miss the balrug.
The balrug is moderately wounded.
Unknown command.
You hit the balrug.
The balrug is heavily wounded.
You hit the balrug.
The balrug is heavily wounded.
The balrug closely misses you.
You closely miss the balrug.
The balrug is heavily wounded.
You hit the balrug but do no damage.
The balrug looks even sicker.
The balrug is heavily wounded.
The balrug gestures at you.
The fireball explodes!
The fireball engulfs you!!!
The fireball engulfs the balrug.
The balrug completely resists.
You focus your inner power and drain the balrug's magic in retribution!
You hit the balrug.
The balrug looks as sick as possible!
The balrug is heavily wounded.
The balrug hits you with a +2 demon whip of electrocution!
* * * LOW HITPOINT WARNING * * *
You are engulfed in flames!!
* * * LOW HITPOINT WARNING * * *
Unknown command.
The balrug gestures at you. Something smites you!
* * * LOW HITPOINT WARNING * * *
You focus your inner power and blind the balrug in retribution!
The balrug falters for a moment.
You redirect the great orb of eyes's attack!
The great orb of eyes gazes at you.
You feel your power leaking away.
The balrug is no longer blind.
The balrug gestures at you. Something smites you!
* * * LOW HITPOINT WARNING * * *
The balrug gestures at you. The bolt of fire hits you!!
You die...

#.# #.##############
#...............
##.#####......... #...##
#..#######
#######...###[.#.....#
#........<.....#.....#
##..............#D(...#
#.........@.....#C....#
##..............#.....#
#..............# #####
#......รท.....(.# C...#
#.......2......# ...#
#...>...G......# ...#
#..............# ..;#
##..#..####....# C...#
#......G......##########


You could see an ice dragon, a balrug (very poisoned) and a great orb of eyes.

Vanquished Creatures
  Rupert (Lair:6)
  A frost giant (D:15)
  A fire giant (D:15)
  An orc warlord (Orc:2)
  2 stone giants
  A minotaur (Gauntlet)
  A dire elephant (Lair:6)
  Snorg (D:13)
  A hell beast (Gauntlet)
  12 hydras
  2 ogre magi
  3 ice dragons (Depths:1)
  3 catoblepae
  A spriggan air mage (Depths:1)
  Erica (D:8)
  2 boulder beetles
  10 centaur warriors
  A two-headed ogre (shapeshifter) (D:13)
  7 death yaks
  A deep troll shaman (Lair:6)
  2 tengu warriors (D:14)
  7 two-headed ogres
  3 orc high priests (Orc:2)
  Sonja (D:10)
  Nergalle (D:12)
  A fire crab (Lair:6)
  A hell knight (D:15)
  8 skeletal warriors
  2 deep trolls (D:15)
  Pikel (D:8)
  4 lindwurms (D:11)
  3 wizards (D:15)
  3 deep elf pyromancers
  5 orc knights
  An orb spider (Lair:3)
  3 ugly things
  A faun (shapeshifter) (D:14)
  4 orc sorcerers
  2 cyclopes
  8 elephants
  2 manticores (D:15)
  4 black mambas
  A torpor snail (Lair:6)
  Joseph (D:9)
  A smoke demon (Depths:1)
  A gargoyle (D:12)
  An ice statue (Lair:2)
  11 cane toads
  A rime drake (Lair:5)
  2 unseen horrors
  A rime drake (shapeshifter) (D:13)
  A komodo dragon (shapeshifter) (D:15)
  An efreet (D:15)
  3 tengu conjurers
  10 komodo dragons
  An ice devil (Lair:2)
  6 trolls
  8 polar bears
  Grinder (D:4)
  8 blink frogs
  11 dream sheep
  8 slime creatures
  3 shadows
  2 vampires
  2 water elementals (D:13)
  52 yaks
  3 wyverns
  2 wraiths
  Grum (D:8)
  8 basilisks
  3 steam dragons
  8 vampire mosquitoes
  Menkaure (D:4)
  4 wargs
  An acid dragon (D:9)
  15 water moccasins
  30 orc warriors
  10 ice beasts
  8 black bears
  A hornet zombie (D:9)
  12 ogres
  29 wolves
  14 centaurs
  3 lemures (D:8)
  2 phantoms (D:6)
  4 kobold brigands (D:11)
  23 bullfrogs
  A wyvern zombie (D:7)
  A gnoll sergeant (D:11)
  2 scorpions
  2 water moccasin zombies (D:5)
  A water moccasin skeleton (D:7)
  13 killer bees
  4 wights (D:10)
  5 electric eels
  A vampire bat (D:14)
  A howler monkey (shapeshifter) (D:15)
  4 howler monkeys
  3 centaur zombies
  A bullfrog zombie (D:7)
  3 orc priests
  5 hounds
  3 bullfrog skeletons
  2 iguanas
  A scorpion zombie (D:5)
  11 orc wizards
  A killer bee zombie (D:5)
  3 hound skeletons (D:5)
  Robin (D:4)
  A howler monkey zombie (D:9)
  2 gnolls
  2 howler monkey skeletons
  3 adders
  3 white imps
  2 howler monkey simulacra (D:9)
  An ufetubus (D:8)
  3 adder skeletons
  2 worms (D:4)
  3 dart slugs
  54 orcs
  17 bats
  9 endoplasms
  4 giant cockroaches
  21 goblins
  13 hobgoblins
  7 jackals
  2 quokkas
  5 ball pythons
  A frilled lizard (D:1)
  5 kobolds
  7 rats
675 creatures vanquished.

Vanquished Creatures (collateral kills)
  Sigmund (D:4)
  2 water moccasins
  Edmund (D:4)
  An orc warrior (D:4)
  A black bear (D:6)
  2 ice beasts (Lair:2)
  An ogre (D:4)
  A phantom (D:5)
  A killer bee (D:7)
  A jelly (D:6)
  2 orc priests (D:4)
  An iguana (D:4)
  A scorpion zombie (D:3)
  3 orc wizards
  A centaur simulacrum (D:9)
  3 gnolls (D:3)
  3 orcs (D:3)
  A ball python (D:4)
  5 goblins
32 creatures vanquished.

Vanquished Creatures (others)
  A catoblepas (D:14)
  A centaur warrior (D:8)
  An elephant (Lair:6)
  A polar bear (Lair:2)
  A water elemental (D:13)
  An ogre (Orc:2)
  A killer bee (D:7)
  A howler monkey simulacrum (D:9)
  A worm (D:2)
  91 fungi
  123 plants
  10 withered plants
233 creatures vanquished.

Grand Total: 940 creatures vanquished

Notes
Turn   | Place    | Note
-------+----------+-------------------------------------------
     0 | D:1      | Foxy the Ogre Hedge Wizard began the quest for the Orb.
     0 | D:1      | Reached XP level 1. HP: 16/16 MP: 5/5
     9 | D:1      | Reached skill level 1 in Conjurations
   407 | D:1      | Reached XP level 2. HP: 15/26 MP: 1/6
   718 | D:1      | Reached skill level 1 in Fighting
   743 | D:1      | Learned a level 2 spell: Call Imp
   804 | D:1      | Found a faded altar of an unknown god.
   849 | D:1      | Prayed at the altar of an unknown god.
   849 | D:1      | Became a worshipper of Ru the Awakened
   866 | D:1      | Gained mutation: You are slightly weak-willed. (Will-) [Ru
                  | sacrifice]
   866 | D:1      | Reached * piety under Ru
  1087 | D:1      | Reached XP level 3. HP: 29/33 MP: 5/8
  1340 | D:1      | Learned a level 3 spell: Mephitic Cloud
  1996 | D:2      | Reached XP level 4. HP: 41/41 MP: 6/10
  2605 | D:2      | You fall into a shaft and drop 1 floor!
  2717 | D:2      | Found a shimmering altar of Xom.
  3138 | D:3      | Reached XP level 5. HP: 18/49 MP: 8/11
  3475 | D:3      | Reached skill level 1 in Polearms
  3627 | D:3      | Found Qoqulif's Magic Scroll Emporium.
  4995 | D:4      | Noticed Edmund
  5020 | D:4      | Reached skill level 5 in Spellcasting
  5020 | D:4      | Reached XP level 6. HP: 59/59 MP: 8/13
  5323 | D:4      | Reached skill level 1 in Air Magic
  5331 | D:4      | Noticed Robin
  5344 | D:4      | Killed Robin
  5423 | D:4      | Gained mutation: You cannot be stealthy. [Ru sacrifice]
  5423 | D:4      | Reached ** piety under Ru
  5998 | D:4      | Found Ymaiqul's Distillery.
  6001 | D:4      | Bought a potion of curing for 36 gold pieces
  6001 | D:4      | Bought a potion of degeneration for 12 gold pieces
  6062 | D:4      | Noticed Grinder
  6136 | D:4      | Noticed Menkaure
  6425 | D:4      | Killed Edmund
  6426 | D:4      | Reached XP level 7. HP: 65/67 MP: 7/14
  6494 | D:4      | Noticed Sigmund
  6521 | D:4      | Killed Sigmund
  6726 | D:4      | Found Ynnanas's Book Shop.
  6796 | D:4      | Reached XP level 8. HP: 34/79 MP: 15/15
  7162 | D:4      | Paralysed by Grinder for 7 turns
  7173 | D:4      | Paralysed by Grinder for 5 turns
  7187 | D:4      | Killed Grinder
  7329 | D:4      | Reached skill level 5 in Fighting
  7362 | D:4      | Reached skill level 5 in Conjurations
  7429 | D:4      | Killed Menkaure
  7805 | D:5      | Entered Level 5 of the Dungeon
  8127 | D:5      | Reached XP level 9. HP: 10/89 MP: 7/16
  9330 | D:5      | Reached skill level 5 in Dodging
  9631 | D:6      | Found a staircase to the Ecumenical Temple.
  9784 | D:6      | Reached skill level 5 in Polearms
 10393 | D:6      | Identified the +4 ring mail of the Weak Marlin {Regen+}
 11310 | D:6      | Noticed a two-headed ogre
 11318 | D:6      | Killed a two-headed ogre
 11319 | D:6      | Reached XP level 10. HP: 72/105 MP: 3/17
 12855 | D:7      | Found Paje's Distillery.
 12863 | D:7      | Bought a potion of heal wounds for 50 gold pieces
 13299 | D:8      | Noticed Grum
 13321 | D:8      | Killed Grum
 14105 | D:8      | Found Kougruq's Weapon Emporium.
 14656 | D:9      | Noticed Pikel
 14686 | D:9      | Noticed Erica
 14686 | D:9      | Noticed a centaur warrior
 15026 | D:9      | Noticed a death yak
 15026 | D:9      | Noticed Joseph
 15601 | D:8      | Killed Pikel
 15750 | D:8      | HP: 5/110 [centaur warrior (7)]
 16312 | D:8      | Reached XP level 11. HP: 29/117 MP: 12/18
 16634 | D:8      | Killed Erica
 16635 | D:8      | Reached skill level 10 in Fighting
 16951 | D:8      | Killed a centaur warrior
 17406 | D:10     | Entered Level 10 of the Dungeon
 17406 | D:10     | Noticed a centaur warrior
 17415 | D:10     | Killed a centaur warrior
 17765 | D:9      | Found an opulent altar of Gozag.
 18159 | D:9      | Killed Joseph
 18197 | D:9      | Identified the +3 spear "Pahiro" {venom, rPois Str+2}
 18364 | D:10     | Learned a level 5 spell: Fireball
 18616 | D:10     | Reached skill level 1 in Fire Magic
 18751 | D:10     | Noticed Sonja
 18760 | D:10     | Killed Sonja
 18761 | D:10     | Reached skill level 2 in Fire Magic
 19269 | D:9      | Killed a death yak
 19270 | D:9      | Reached skill level 3 in Fire Magic
 20341 | D:11     | You fall into a shaft and drop 1 floor!
 20341 | D:12     | Noticed a green ugly thing
 20368 | D:12     | Noticed a cyclops
 20482 | D:11     | HP: 2/112 [polar bear (4)]
 20846 | D:11     | Found a staircase to the Lair.
 20864 | D:11     | Reached skill level 4 in Fire Magic
 20874 | D:11     | Noticed an eight-headed hydra
 21272 | D:11     | Found a staircase to the Orcish Mines.
 21293 | D:11     | Reached skill level 1 in Staves
 21304 | D:11     | Reached skill level 5 in Fire Magic
 21329 | D:11     | Reached XP level 12. HP: 89/130 MP: 4/19
 21538 | D:11     | Reached skill level 10 in Conjurations
 21616 | D:11     | Noticed a seven-headed hydra
 21616 | D:11     | Noticed a two-headed ogre
 21659 | D:11     | Killed a seven-headed hydra
 21660 | D:11     | Reached skill level 6 in Fire Magic
 21673 | D:11     | Killed a two-headed ogre
 21981 | D:11     | Learned a level 6 spell: Starburst
 22024 | D:11     | Killed an eight-headed hydra
 22025 | D:11     | Reached skill level 7 in Fire Magic
 22579 | D:11     | HP: 4/131 [lindwurm (17)]
 22591 | D:11     | Reached skill level 8 in Fire Magic
 23115 | D:12     | Noticed a boulder beetle
 23135 | D:11     | Killed a boulder beetle
 23136 | D:11     | Reached skill level 5 in Staves
 23449 | D:12     | Noticed a seven-headed hydra
 23685 | D:12     | Noticed Nergalle
 23736 | D:12     | Noticed a two-headed ogre
 23751 | D:11     | Killed a two-headed ogre
 23965 | D:12     | Noticed a two-headed ogre
 24458 | D:12     | Killed a seven-headed hydra
 24459 | D:12     | Reached skill level 9 in Fire Magic
 24799 | D:12     | Killed Nergalle
 25410 | D:12     | Killed a two-headed ogre
 25626 | D:13     | Reached skill level 10 in Fire Magic
 25626 | D:13     | Reached XP level 13. HP: 141/141 MP: 4/20
 27124 | D:13     | Noticed Snorg
 27560 | Lair:1   | Entered Level 1 of the Lair of Beasts
 27577 | Lair:1   | Reached skill level 11 in Fire Magic
 29275 | D:13     | HP: 6/144 [centaur warrior (2)]
 29845 | D:13     | Killed Snorg
 29861 | D:13     | Reached skill level 12 in Fire Magic
 32468 | Lair:2   | Reached XP level 14. HP: 149/156 MP: 21/21
 32492 | Lair:2   | Reached skill level 10 in Staves
 33162 | Lair:2   | Found a staircase to the Swamp.
 33650 | Lair:2   | Identified the +10 hunting sling of Drought {freeze, rElec
                  | rF++ Dex+2}
 34520 | Lair:3   | Found a hole to the Spider Nest.
 35168 | Lair:4   | Gained mutation: You are sensitive to extremes of
                  | temperature. (rF-, rC-) [Ru sacrifice]
 35168 | Lair:4   | Reached *** piety under Ru
 35168 | Lair:4   | Reached **** piety under Ru
 36737 | Lair:5   | Reached skill level 15 in Fighting
 37814 | Lair:6   | Entered Level 6 of the Lair of Beasts
 37862 | Lair:6   | Reached skill level 13 in Fire Magic
 37909 | Lair:6   | Found a gate leading to a gauntlet.
 37914 | Gauntlet | Entered a Gauntlet
 37914 | Gauntlet | Found a transporter.
 37917 | Gauntlet | Found a transporter.
 37932 | Gauntlet | Found a transporter.
 37934 | Gauntlet | Found a transporter.
 37944 | Gauntlet | Found a transporter.
 37964 | Gauntlet | Found a transporter.
 37966 | Gauntlet | Noticed an entropy weaver
 37968 | Gauntlet | Found a transporter.
 37972 | Gauntlet | Found a transporter.
 37999 | Gauntlet | Found a transporter.
 38012 | Gauntlet | Noticed an entropy weaver
 38016 | Gauntlet | Found a transporter.
 38020 | Gauntlet | Found a transporter.
 38031 | Gauntlet | Found a transporter.
 38076 | Gauntlet | Identified the ring of Husaduirr {rC+ Stlth+}
 38468 | Gauntlet | Identified the amulet of Miudd {RegenMP Fly rPois}
 38562 | Lair:6   | HP: 6/157 [five-headed hydra (12)]
 38701 | Lair:5   | Reached XP level 15. HP: 113/167 MP: 25/25
 38733 | Lair:5   | Learned a level 8 spell: Ignition
 38806 | Lair:6   | Found a staircase to the Slime Pits.
 38952 | Lair:6   | Noticed Rupert
 39018 | Lair:6   | Killed Rupert
 40667 | Orc:1    | Entered Level 1 of the Orcish Mines
 40965 | Orc:2    | Entered Level 2 of the Orcish Mines
 40972 | Orc:2    | Noticed an orc warlord
 40976 | Orc:2    | Killed an orc warlord
 41427 | Orc:2    | Reached skill level 14 in Fire Magic
 41803 | Orc:2    | Found Buschi Cele's Book Emporium.
 41835 | Orc:2    | Found Ytufimi's Antique Weapon Shoppe.
 41897 | Orc:2    | Found Istryel's General Store.
 42141 | Orc:2    | Found Wus Qang's Antique Armour Shoppe.
 42178 | Orc:2    | Found a staircase to the Elven Halls.
 42480 | Orc:2    | Bought a twisted robe for 182 gold pieces
 42480 | Orc:2    | Identified the +1 robe "Ishiemoi" {rElec} (You bought it in
                  | a shop on level 2 of the Orcish Mines)
 42646 | D:14     | Reached skill level 10 in Spellcasting
 43088 | D:14     | Reached XP level 16. HP: 141/178 MP: 11/30
 43367 | D:14     | Found a gate to the Vaults.
 43606 | D:14     | Found a bloodstained altar of Trog.
 43606 | D:14     | Noticed Suaj's ghost (journeyman DrCj)
 43609 | D:14     | Found a transporter.
 43627 | D:14     | Found a transporter.
 43643 | D:14     | Gained mutation: You are clumsy. (Dex -2) [Ru sacrifice]
 43643 | D:14     | Reached ***** piety under Ru
 43775 | D:15     | Entered Level 15 of the Dungeon
 43824 | D:15     | Reached skill level 15 in Fire Magic
 43971 | D:15     | Reached skill level 1 in Evocations
 44126 | D:15     | Found a staircase to the Depths.
 44683 | D:15     | Paralysed by an efreet for 2 turns
 44818 | D:15     | Identified the ring of Nabeul {rF- rN+++ rCorr EV+4 Slay+5}
 45265 | Depths:1 | Entered Level 1 of the Depths
 45356 | Depths:1 | Reached skill level 16 in Fire Magic
 45526 | Depths:1 | Noticed a walking crystal tome
 45526 | Depths:1 | Noticed a juggernaut
 45665 | Depths:1 | Found a gateway to a ziggurat.
 45683 | Depths:1 | Noticed a storm dragon
 45683 | Depths:1 | Noticed a tentacled monstrosity
 45774 | Depths:1 | Killed from afar by a balrug

Illustrated notes

Levels and vault maps discovered:
D:1:      minmay_arrival_five_plusses, layout_rooms,
          shapermc_ecumenical_altar_flowoftime
D:2:      layout_rooms, basic_altar, kennysheep_generic_room_9
D:3:      layout_loops_ring, serial_shops, shop, minmay_goblin_outpost
D:4:      layout_loops_corners, serial_shops, nicolae_shop_behind_doors,
          nicolae_shop_statue_plus, ebering_dispersal_statue_hall,
          minmay_cupped, uniq_menkaure, uniq_grinder, uniq_robin, uniq_edmund,
          uniq_sigmund
D:5:      layout_loops_cross, serial_undead, serial_undead_a, serial_undead_e,
          serial_undead_c, serial_undead_a, serial_undead_c, kennysheep_boxes
D:6:      layout_layer_cave, minmay_temple_entry_poolview
D:7:      layout_basic, serial_shops, shop, eino_jars
D:8:      layout_rooms, serial_shops, shop, uniq_grum
D:9:      layout_rooms, grunt_gozag_breadcrumbs, serial_ice, serial_ice_h,
          serial_ice_b, serial_ice_c, serial_ice_e, serial_ice_m, serial_ice_o,
          uniq_erica, uniq_pikel, uniq_joseph
D:10:     layout_grid_maze, uniq_sonja
D:11:     layout_basic, due_lair_maze_entry_diamond,
          kennysheep_orc_monster_closet_entryway, minmay_lindwurm_lava
D:12:     layout_cave_pools, hex_tiny, uniq_nergalle
D:13:     layout_basic, uniq_snorg
D:14:     layout_loops_ring, david_vaults_1, gammafunk_ghost_wrathful_warriors,
          minmay_misc_feat_tiny, roderic_batcave, minmay_librarian
D:15:     hangedman_depths_entry_civil_slaughter, layout_loops_ring,
          grunt_potential
Lair:1:   layout_regular_city, grunt_megastairs_5, lemuel_fruit_tree
Lair:2:   beast_lair_carwin_large_1, layout_regular_city, swamp_mist_pool,
          serial_bayou_pond_d, ice2_lemuel
Lair:3:   layout_roguey, nicolae_spider_entry_orb_guardian,
          serial_bayou_lagoon_b
Lair:4:   layout_layer_cave, grunt_megastairs_3
Lair:5:   cheibrodos_lair_river_kwai, layout_cave_shapes
Lair:6:   grunt_lair_end_beastmaster, layout_cellular_growth,
          dpeg_slime_entry_corner, gauntlet_entry_generic, serial_bayou_pond_b,
          uniq_rupert
Orc:1:    layout_caves
Orc:2:    grunt_orc_gardens, layout_caves, grunt_orc_garden, grunt_orc_garden,
          grunt_orc_garden, grunt_orc_garden, basic_altar
Depths:1: evilmike_inaccessible_box, layout_cross, enter_ziggurat_a,
          nicolae_dithmenos_shadow_blocks, lightli_too_deep, patterned_corridor,
          firewood_loft, serial_bayou_shore_b

Skill      XL: |  1  2  3  4  5  6  7  8  9 10 11 12 13 14 15 16 |
---------------+-------------------------------------------------+-----
Conjurations   | 1 2 3 4 6 8 9 10 | 10.7
Fighting       | 1 2 3 4 6 8 9 11 12 14 15 | 15.7
Dodging        | 2 3 4 6 7 |  7.6
Spellcasting   | 4 5 6 10 | 10.0
Polearms       | 1 2 4 6 7 8 9 |  9.3
Air Magic      | 1 2 |  2.0
Stealth        | 0 |  0.0
Fire Magic     | 5 10 12 13 14 16 | 16.2
Staves         | 1 6 9 11 | 11.9
Evocations     | 2 |  2.5
Summonings     | |  0.8
Translocations | |  0.8

Action                   |  1- 3 |  4- 6 |  7- 9 | 10-12 | 13-15 | 16-18 || total
-------------------------+-------+-------+-------+-------+-------+-------++-------
Melee: Dagger            |   106 |       |       |       |       |       ||   106
       Spear             |       |   280 |    27 |   385 |  1975 |   152 ||  2819
       Scythe            |       |       |   170 |   247 |       |       ||   417
       Halberd           |       |       |       |    15 |    17 |       ||    32
       Staff             |       |       |       |     9 |    17 |    19 ||    45
 Cast: Magic Dart        |    83 |    58 |     1 |       |       |       ||   142
       Call Imp          |       |    26 |    15 |    11 |       |       ||    52
       Mephitic Cloud    |       |     3 |     9 |    56 |   101 |     7 ||   176
       Fireball          |       |       |       |    30 |   102 |    36 ||   168
       Starburst         |       |       |       |     4 |    33 |    27 ||    64
       Ignition          |       |       |       |       |     8 |     4 ||    12
Invok: Sacrifice Essence |     1 |       |       |       |       |       ||     1
       Sacrifice Stealth |       |     1 |       |       |       |       ||     1
       Reject Sacrifices |       |       |     1 |     1 |     1 |       ||     3
       Sacrifice Resista |       |       |       |       |     1 |       ||     1
       Sacrifice Purity  |       |       |       |       |       |     1 ||     1
Evoke: Wand              |       |       |       |     1 |     1 |       ||     2
       Box of beasts     |       |       |       |       |     1 |       ||     1
  Use: Potion            |       |       |     6 |     5 |     1 |       ||    12
       Scroll            |       |       |     6 |     7 |    22 |     1 ||    36
 Stab: Sleeping          |     2 |     3 |       |       |       |       ||     5
       Distracted        |       |     2 |       |       |     2 |       ||     4
       Confused          |       |     1 |     2 |    21 |    90 |     3 ||   117
       Paralysed         |       |       |     1 |       |     6 |       ||     7
       Invisible         |       |       |       |     1 |     7 |     1 ||     9
       Petrified         |       |       |       |       |    13 |       ||    13
       Petrifying        |       |       |       |       |     1 |       ||     1
Armor: Robe              |    56 |    74 |    77 |    13 |       |       ||   220
       Skin              |       |       |    12 |       |       |       ||    12
       Steam dragon scal |       |       |       |   239 |    43 |       ||   282
       Troll leather arm |       |       |       |       |   247 |    17 ||   264
Dodge: Dodged            |    80 |   120 |   121 |   408 |   618 |    36 ||  1383

Table legend: (Time is in decaauts)
 A = Elapsed time spent in this place.
 B = Non-inter-level travel time spent in this place.
 C = Inter-level travel time spent in this place.
 D = Time resting spent in this place.
 E = Time spent auto-exploring this place.
 F = Levels seen in this place.
 G = Mean time per level.
                   A        B        C        D        E       F      G
               +--------+--------+--------+--------+--------+-----+--------+
         Total |  45072 |  43359 |   1713 |  17048 |  17056 |  25 | 1802.9 |
       Dungeon |  32872 |  31618 |   1254 |  14194 |  11318 |  15 | 2191.5 |
          Lair |   9347 |   9053 |    294 |   1810 |   4759 |   6 | 1557.8 |
  Orcish Mines |   1814 |   1650 |    164 |    589 |    828 |   2 |  907.0 |
        Depths |    420 |    420 |      0 |    182 |     93 |   1 |  420.0 |
      Gauntlet |    618 |    618 |      0 |    273 |     58 |   1 |  618.0 |
               +--------+--------+--------+--------+--------+-----+--------+

Top non-repeatable levels by time:
    D:11: 3844 daAuts
     D:8: 3186 daAuts
    D:13: 2630 daAuts
     D:7: 2595 daAuts
     D:4: 2560 daAuts
    D:12: 2426 daAuts
  Lair:1: 2401 daAuts
    D:10: 2348 daAuts
     D:3: 2162 daAuts
     D:6: 2003 daAuts
     D:5: 1868 daAuts
     D:1: 1840 daAuts
    D:14: 1749 daAuts
  Lair:6: 1681 daAuts
  Lair:2: 1592 daAuts
